 Dungeon Crawl Stone Soup version 0.31-a0-940-gdaa99269f9 (webtiles) character file.

Game seed: 17534843482280114143

117595 bahustanut the Marksant (level 17, -26/123 HPs)
             Began as a Formicid Hunter on Oct 20, 2023.
             Was the Champion of Hepliaklqana.
             Succumbed to a redback's poison
             ... on level 1 of the Spider Nest on Oct 21, 2023.
             The game lasted 00:58:33 (20317 turns).

bahustanut the Marksant (Formicid Hunter)          Turns: 20317, Time: 00:58:34

Health: -26/123    AC:  0    Str: 16    XL:     17   Next: 29%
Magic:  2/17       EV: 24    Int: 14    God:    Hepliaklqana [******]
Gold:   1375       SH: 20    Dex: 28    Spells: 16/16 levels left

rFire   + + .        G - +7 longbow (drain)
rCold   . . .        F - +0 kite shield
rNeg    . . .        q - +3 leather armour {rPois}
rPois   +            (helmet unavailable)
rElec   .            D - scarf "Uwihur" {harm, rPois rF+ Stlth-}
rCorr   .            g - +0 pair of gloves
SInv    +            T - +2 pair of boots "Nilioteb" {rF+}
Will    +....        R - brooch of Shielding {Spirit SH+8}
Stlth   +            f - +6 ring of dexterity
HPRegen 0.40/turn    l - ring of poison resistance
MPRegen 0.15/turn

%: harm (+30% outgoing, +20% incoming), guardian spirit
@: lethally poisoned (-26 -> -228), corroded
A: reduced essence, permanent stasis, dig shafts and tunnels, antennae 3, four
strong arms, clever 1, sturdy frame 1
a: Dig, Shaft Self, Renounce Religion, Recall Ancestor, Ancestor Identity,
Transference, Idealise


You were on level 1 of the Spider Nest.
You worshipped Hepliaklqana.
Hepliaklqana was exalted by your worship.
You visited 5 branches of the dungeon, and saw 24 of its levels.
You visited 1 bazaar.
You also visited: Gauntlet and Ice Cave.

You collected 4567 gold pieces.
You spent 3192 gold pieces at shops.

Inventory:

Hand Weapons
 E - the +2 longbow of Kismet {freeze, Will+ Dex+5}
   (You acquired it on level 6 of the Dungeon)

   Dex+5:     It affects your dexterity (+5).
   Will+:     It increases your willpower.
 G - a +7 longbow of draining (weapon)
Armour
 c - a +2 cloak
 d - a +1 crystal plate armour
 g - a +0 pair of gloves (worn)
 q - a +3 leather armour of poison resistance (worn)
 y - a scarf of resistance
 D - the scarf "Uwihur" (worn) {harm, rPois rF+ Stlth-}
   (You acquired it on level 6 of the Dungeon)

   rF+:       It protects you from fire.
   rPois:     It protects you from poison Stlth-: It makes you less stealthy.
 F - a +0 kite shield (worn)
 M - +0 acid dragon scales
 T - the +2 pair of boots "Nilioteb" (worn) {rF+}
   (You found it in a Gauntlet)

   rF+:       It protects you from fire.
Jewellery
 f - a +6 ring of dexterity (left hand)
 l - a ring of poison resistance (right hand)
 m - an amulet of the acrobat
 v - a +4 ring of protection
 x - a ring of protection from cold
 C - a ring of protection from fire
 N - a ring of wizardry
 P - a ring of magical power
 Q - an amulet of reflection
 R - the brooch of Shielding (around neck) {Spirit SH+8}
   (You bought it in a shop in a bazaar)

   [amulet of guardian spirit]

   Spirit:    It causes incoming damage to be divided between your reserves of
   health and magic.
   SH+8:      It affects your SH (+8).
 S - a +6 ring of dexterity
Wands
 e - a wand of charming (44)
 n - a wand of light (12)
 B - a wand of polymorph (20)
 K - a wand of iceblast (15)
 U - a wand of mindburst (17)
Scrolls
 b - a scroll of butterflies
 h - 2 scrolls of revelation
 k - 6 scrolls of amnesia
 p - 2 scrolls of vulnerability
 r - 5 scrolls of poison
 w - 5 scrolls of fear
 z - 4 scrolls of noise
 O - 4 scrolls of fog
 W - 3 scrolls of immolation
Potions
 i - 4 potions of lignification
 j - 3 potions of brilliance
 o - 3 potions of enlightenment
 s - 2 potions of magic
 t - 2 potions of resistance
 u - 3 potions of attraction
 A - 2 potions of heal wounds
 H - a potion of might
 I - 6 potions of curing
 J - 3 potions of mutation
 L - 3 potions of ambrosia {unknown}
 V - 2 potions of cancellation {unknown}
 Y - 2 potions of invisibility {unknown}
Miscellaneous
 a - a lightning rod (4/4)


   Skills:
 + Level 13.3 Fighting
 - Level 20.0 Ranged Weapons
 + Level 12.6 Armour
 + Level 13.5 Dodging
 - Level 1.2 Stealth
 * Level 4.8 Shields


You had 16 spell levels left.
You didn't know any spells.
Your spell library contained the following spells:

 Spells                   Type           Power      Damage    Failure   Level
 Necrotise                Necr           0%         1d4       63%         1
 Sting                    Tmut/Pois      0%         1d3       63%         1
 Summon Small Mammal      Summ           0%         N/A       63%         1
 Cigotuvi's Dreadful Rot  Necr/Pois/Air  0%         N/A       77%         2
 Lesser Beckoning         Tloc           0%         N/A       77%         2
 Poisonous Vapours        Pois/Air       0%         N/A       77%         2
 Call Canine Familiar     Summ           0%         N/A       94%         3
 Gell's Gravitas          Tloc           0%         N/A       94%         3
 Hailstorm                Conj/Ice       0%         3d3       94%         3
 Mephitic Cloud           Conj/Pois/Air  0%         N/A       94%         3
 Stone Arrow              Conj/Erth      0%         3d7       94%         3
 Summon Guardian Golem    Hex/Summ       0%         N/A       94%         3
 Teleport Other           Tloc           0%         N/A       94%         3
 Vampiric Draining        Necr           0%         2d6       94%         3
 Animate Armour           Summ/Erth      0%         N/A       100%        4
 Olgreb's Toxic Radiance  Pois           0%         N/A       100%        4
 Passage of Golubria      Tloc           0%         N/A       100%        4
 Summon Ice Beast         Ice/Summ       0%         N/A       100%        4
 Agony                    Necr           0%         N/A       100%        5
 Freezing Cloud           Conj/Ice/Air   0%         6-21      100%        5
 Silence                  Hex/Air        0%         N/A       100%        5
 Plasma Beam              Fire/Air       0%         2x1d10    100%        6
 Simulacrum               Ice/Necr       0%         N/A       100%        6
 Lehudib's Crystal Spear  Conj/Erth      0%         10d2      100%        8


Dungeon Overview and Level Annotations

Branches:
Dungeon (15/15)            Temple (1/1) D:7            Lair (5/5) D:8
 Shoals (0/4) Lair:3       Spider (1/4) Lair:2        Slime (0/5) Lair:5
    Orc (2/2) D:9             Elf (0/3) Orc:2        Vaults (0/5) D:14
 Depths (0/4) D:15          IceCv (visited)         Gauntlet (visited)

Altars:
Ashenzari
Cheibriados
Dithmenos
Elyvilon
Fedhas
Gozag
Hepliaklqana
Kikubaaqudgha
Makhleb
Nemelex Xobeh
Okawaru
Qazlal
Ru
Sif Muna
Trog
Uskayaw
Vehumet
Wu Jian
Xom
Yredelemnul
Zin
The Shining One
Jiyva

Shops:
D:3 ?   D:4 :   D:5 =   D:10 *   Orc:2 !(!::

Annotations:
D:10 2 transporters, chunkyMonkey's ghost, novice BaFi
Spider:1 Roxanne


Innate Abilities, Weirdness & Mutations

Your life essence is reduced to manifest your ancestor. (-10% HP)
You cannot be hasted, slowed, berserked, paralysed or teleported.
You can dig through walls and to a lower floor.
You have a pair of large antennae on your head. (SInv)
Your four strong arms can wield two-handed weapons with a shield.
Your mind is acute. (Int +4, Str/Dex -1)
Your movements are slightly less encumbered by armour. (ER -2)


Message History

Unknown command.
You are too injured to fight recklessly!
Unknown command.
You feel better. You block the tarantella's attack. The redback bites you.
The redback misses you. The redback completely misses you.
You block the tarantella's attack. The redback completely misses you.
You feel much better. You block the redback's attack. x2
You block the tarantella's attack. You block the redback's attack.
The redback barely misses you. The redback misses you.
You shoot an arrow. The arrow hits the redback!!
You kill the redback!
The redback bites you! The tarantella touches you!
You are confused.
The redback bites you!
You are too injured to fight recklessly!
Unknown command.
You are too injured to fight recklessly!
Unknown command.
You are too injured to fight recklessly!
Unknown command.
You are too injured to fight recklessly!
Unknown command.
You are too injured to fight recklessly!
You closely miss the redback. The redback misses you.
The tarantella closely misses you. The redback misses you.
The redback completely misses you. The tarantella completely misses you.
The redback completely misses you. The redback bites you.
* * * LOW HITPOINT WARNING * * *
The tarantella touches you!
* * * LOW HITPOINT WARNING * * *
The redback barely misses you.
You see here a jumping spider corpse.
Roxanne asks, "Say, could you scratch my back for me?"
Unknown command.
The redback attacks as it pursues you! The redback bites you!
* * * LOW HITPOINT WARNING * * *
You are lethally poisoned!
The redback poisons you!
You feel less confused.
You die...

........## #.# ..#.
.......†.## #### .8...
..........## #.# #...#
...........## #.# #..†.#
............####.##.....#
..........##.##..#s.....##
.................s.......#
........#.......ss#†....##
.....##......@..#####..#
....##...........# ,...
#.# #............# #
.................
...........†#....
...........#.#....
.........#......
...^....#.#....


You could see an orb spider, a tarantella and 2 redbacks.

Vanquished Creatures
  Donald (Orc:1)
  A reaper (IceCv)
  A stone giant (Orc:2)
  A minotaur (Gauntlet)
  2 entropy weavers (Spider:1)
  2 rakshasas (D:15)
  Harold (Lair:1)
  4 centaur warriors
  10 hydras
  An ogre mage (Orc:2)
  10 death yaks
  2 boulder beetles
  A tengu warrior (D:14)
  A demonic crawler (Spider:1)
  11 two-headed ogres
  An orc high priest (Orc:2)
  2 thrashing horrors (Gauntlet)
  2 skysharks
  3 orb spiders
  A lindwurm (Lair:5)
  2 deep trolls (Orc:2)
  2 occultists
  A necromancer (D:15)
  3 deep elf pyromancers
  A deep elf zephyrmancer (D:15)
  3 orc knights
  5 ugly things
  3 orc sorcerers
  4 manticores
  A wolf spider (Spider:1)
  6 cyclopes
  12 elephants
  5 black mambas
  3 torpor snails
  A water nymph (Lair:3)
  An ice statue (IceCv)
  10 cane toads
  2 kobold demonologists
  2 centaur skeletons (D:15)
  2 unseen horrors
  Jeremiah (Lair:1)
  4 anaconda simulacra (IceCv)
  8 komodo dragons
  6 rime drakes
  An efreet (D:14)
  A freezing wraith (D:15)
  3 ice devils (IceCv)
  12 trolls
  7 polar bears (Lair:5)
  A hornet (shapeshifter) (D:13)
  Prince Ribbit (D:5)
  8 dream sheep
  A wolf spider simulacrum (D:15)
  The ghost of gelatine the Insei, an amateur DsSh (D:5)
  7 hornets
  2 tarantellas (Spider:1)
  Grinder (D:5)
  13 blink frogs
  6 slime creatures
  A shadow (D:9)
  6 wraiths
  5 jumping spiders (Spider:1)
  11 spriggans
  3 dire elephant simulacra (IceCv)
  3 wyverns (Lair:3)
  6 basilisks
  44 yaks
  2 steam dragons (D:8)
  8 redbacks (Spider:1)
  14 vampire mosquitoes
  Menkaure (D:7)
  4 wargs
  5 acid dragons
  A harpy simulacrum (IceCv)
  A hydra simulacrum (IceCv)
  14 water moccasins
  3 small abominations (Gauntlet)
  5 black bears
  24 orc warriors
  21 ogres
  A sky beast (D:7)
  6 centaurs
  4 boggarts (Lair:5)
  22 wolves
  2 phantoms
  3 kobold brigands
  18 bullfrogs
  A cane toad simulacrum (IceCv)
  5 scorpions
  6 wights
  9 killer bees
  12 howler monkeys
  2 hounds (D:6)
  16 orc priests
  Terence (D:2)
  4 jellies
  A bullfrog skeleton (D:5)
  A gnoll bouda (D:6)
  3 iguanas
  A sleepcap (D:8)
  19 orc wizards
  15 gnolls
  10 adders
  A naga simulacrum (IceCv)
  2 shadow imps (D:7)
  2 white imps
  2 ufetubi
  A worm (D:5)
  5 dart slugs
  70 orcs
  10 ball pythons
  10 endoplasms
  7 giant cockroaches
  8 goblins
  6 hobgoblins
  13 jackals
  16 kobolds
  A quokka (D:3)
  12 bats
  3 frilled lizards
  3 rats
727 creatures vanquished.

Vanquished Creatures (collateral kills)
  An ironbound preserver (D:14)
  An ice dragon (D:14)
  An ogre mage (Orc:2)
  A catoblepas (Lair:5)
  A boulder beetle (D:13)
  A demonic crawler (Spider:1)
  A necromancer (Gauntlet)
  2 cyclopes
  An elephant (Lair:5)
  A black mamba (Lair:5)
  An ice statue (IceCv)
  2 rime drakes (D:14)
  2 ice devils (IceCv)
  A komodo dragon (Lair:2)
  A polar bear (Lair:2)
  3 blink frogs
  3 dream sheep (Lair:5)
  2 spriggans (Lair:5)
  A wyvern (Lair:4)
  3 yaks
  A harpy simulacrum (IceCv)
  2 orc warriors
  2 black bears
  A sky beast (D:6)
  2 ogres (Orc:2)
  3 wolves
  2 centaurs
  A gnoll sergeant (Orc:2)
  A small abomination (Gauntlet)
  A wight (D:7)
  A killer bee (D:7)
  A howler monkey (D:9)
  3 knights
  A hound (D:7)
  5 orc priests
  A bullfrog skeleton (D:5)
  2 iguanas (D:7)
  5 orc wizards
  A boggart simulacrum (D:14)
  A gnoll (D:6)
  An adder (D:11)
  An ufetubus (D:7)
  22 orcs
  A bat (D:11)
  A kobold (D:11)
  4 butterflies
97 creatures vanquished.

Vanquished Creatures (others)
  An occultist (D:10)
  A necromancer (Gauntlet)
  2 rime drakes (D:14)
  A slime creature (D:13)
  A yak (Lair:5)
  An orc warrior (D:15)
  A wolf (Gauntlet)
  2 centaurs (D:13)
  3 knights
  3 ancestors
16 creatures vanquished.

Grand Total: 840 creatures vanquished

Notes
Turn   | Place    | Note
-------+----------+-------------------------------------------
     0 | D:1      | bahustanut the Formicid Hunter began the quest for the Orb.
     0 | D:1      | Reached XP level 1. HP: 16/16 MP: 1/1
    45 | D:1      | Reached XP level 2. HP: 22/22 MP: 2/2
   198 | D:1      | Reached XP level 3. HP: 11/27 MP: 3/3
   359 | D:1      | Reached skill level 5 in Ranged Weapons
   586 | D:1      | Reached XP level 4. HP: 12/33 MP: 4/4
  1010 | D:2      | Reached XP level 5. HP: 38/38 MP: 5/5
  1042 | D:2      | Reached skill level 6 in Ranged Weapons
  1046 | D:2      | Noticed Terence
  1057 | D:2      | Killed Terence
  1093 | D:2      | Identified the +0 robe of Qiyxephi {Rampage *Corrode +Inv}
  1357 | D:2      | Identified the +0 robe of Insatiable Hunger {rN+++ rCorr
                  | MP-9 Int+4}
  1461 | D:2      | Found a faded altar of an unknown god.
  1886 | D:3      | Found a hazy altar of Hepliaklqana.
  1896 | D:3      | Became a worshipper of Hepliaklqana the Forgotten
  1969 | D:3      | Found Pusm's Magic Scroll Emporium.
  1976 | D:3      | Bought a scroll of enchant weapon for 75 gold pieces
  2072 | D:3      | Reached XP level 6. HP: 40/44 MP: 6/6
  2183 | D:3      | Found a glowing golden altar of the Shining One.
  2451 | D:4      | Reached * piety under Hepliaklqana
  2492 | D:4      | Reached skill level 7 in Ranged Weapons
  3015 | D:4      | Found Borifax's Book Shoppe.
  3187 | D:4      | Noticed an orc warrior
  3196 | D:4      | Killed an orc warrior
  3197 | D:4      | Reached XP level 7. HP: 29/45 MP: 7/7
  3318 | D:5      | Entered Level 5 of the Dungeon
  3334 | D:5      | Noticed Prince Ribbit
  3345 | D:5      | Killed Prince Ribbit
  3346 | D:5      | Reached skill level 8 in Ranged Weapons
  3364 | D:5      | Found Holaf's Jewellery Boutique.
  3365 | D:5      | Noticed Grinder
  3378 | D:5      | Killed Grinder
  3379 | D:5      | Reached skill level 9 in Ranged Weapons
  3379 | D:5      | Reached XP level 8. HP: 22/50 MP: 8/8
  3489 | D:5      | Identified a scroll of acquirement
  3490 | D:5      | Acquired 1175 gold pieces
  3492 | D:5      | Bought a +6 ring of dexterity for 396 gold pieces
  3492 | D:5      | Bought a +5 ring of evasion for 396 gold pieces
  3590 | D:5      | Found a runed translucent gate.
  3591 | D:5      | Found a runed translucent gate.
  3592 | D:5      | Found a runed translucent gate.
  3599 | D:5      | Noticed gelatine's ghost (amateur DsSh)
  3780 | D:5      | Reached skill level 10 in Ranged Weapons
  3930 | D:5      | Gained mutation: Your movements are slightly less
                  | encumbered by armour. (ER -2) [potion of mutation]
  3930 | D:5      | Gained mutation: Your mind is acute. (Int +4, Str/Dex -1)
                  | [potion of mutation]
  3942 | D:5      | Killed gelatine's ghost
  4121 | D:6      | Reached skill level 11 in Ranged Weapons
  4133 | D:6      | Found an iron altar of Okawaru.
  4142 | D:6      | Reached XP level 9. HP: 54/54 MP: 9/9
  4203 | D:6      | Reached ** piety under Hepliaklqana
  4204 | D:6      | Remembered your ancestor Ælfric as a knight
  4398 | D:6      | Identified the +3 falchion of the Radish {freeze, rPois
                  | Int+2 Stlth+}
  4507 | D:6      | Found a basalt altar of Yredelemnul.
  4545 | D:6      | Acquired the +2 longbow of Kismet {freeze, Will+ Dex+5}
  4546 | D:6      | Acquired the scarf "Uwihur" {harm, rPois rF+ Stlth-}
  4558 | D:6      | Acquired 945 gold pieces
  4698 | D:7      | Reached skill level 12 in Ranged Weapons
  4850 | D:7      | Noticed Menkaure
  4853 | D:7      | Killed Menkaure
  4855 | D:7      | Found a staircase to the Ecumenical Temple.
  4898 | D:7      | Reached XP level 10. HP: 60/60 MP: 10/10
  4982 | D:7      | Reached skill level 13 in Ranged Weapons
  5455 | D:8      | Found a bloodstained altar of Trog.
  5459 | D:8      | Reached skill level 5 in Dodging
  5635 | D:8      | Reached *** piety under Hepliaklqana
  5685 | D:8      | Reached skill level 14 in Ranged Weapons
  5729 | D:8      | Found a staircase to the Lair.
  5897 | D:8      | Found Zin's Purification Station.
  5902 | D:8      | Found a glowing silver altar of Zin.
  5905 | D:8      | Bought a potion of curing for 90 gold pieces
  5972 | D:9      | Noticed a kobold demonologist
  5975 | D:9      | Noticed a sun demon
  5982 | D:9      | Noticed a rust devil
  5982 | D:9      | Killed a kobold demonologist
  6239 | D:9      | Reached XP level 11. HP: 47/64 MP: 11/11
  6625 | D:9      | Found a staircase to the Orcish Mines.
  6626 | D:9      | Reached **** piety under Hepliaklqana
  6786 | D:10     | Identified the "Vienn"
  6786 | D:10     | Entered Level 10 of the Dungeon
  6786 | D:10     | Noticed a two-headed ogre
  6788 | D:10     | Killed a two-headed ogre
  6789 | D:10     | Reached skill level 15 in Ranged Weapons
  6821 | D:10     | Found a blossoming altar of Fedhas.
  6821 | D:10     | Found a hide-covered altar of Uskayaw.
  6862 | D:10     | Found Nita's Assorted Antiques.
  6867 | D:10     | Found a transporter.
  6868 | D:10     | Bought a scroll labelled VYIRIEV GURCHEK for 28 gold pieces
  6868 | D:10     | Bought a scroll of identify for 56 gold pieces
  6874 | D:10     | Noticed chunkyMonkey's ghost (novice BaFi)
  6874 | D:10     | Noticed a great orb of eyes
  6905 | D:10     | Found a transporter.
  6961 | D:10     | Noticed an occultist
  6961 | D:10     | Noticed an occultist
  6963 | D:10     | Killed an occultist
  6966 | D:10     | Killed an occultist
  7607 | D:11     | Noticed a manticore
  7615 | D:11     | Killed a manticore
  7627 | D:11     | Reached ***** piety under Hepliaklqana
  7630 | D:11     | Found a flickering gateway to a bazaar.
  7639 | Bazaar   | Entered a bazaar
  7796 | Bazaar   | Found Wiluphejie's Book Emporium.
  7812 | Bazaar   | Found Wawyme's Antique Weapon Shoppe.
  7815 | Bazaar   | Found Ucopec's Jewellery Shop.
  7821 | Bazaar   | Found Happuf's Distillery.
  7825 | Bazaar   | Bought the brooch of Shielding {Spirit SH+8} for 1040 gold
                  | pieces
  7825 | Bazaar   | Found the brooch of Shielding {Spirit SH+8}
  7825 | Bazaar   | Bought a +6 ring of dexterity for 576 gold pieces
  7843 | Bazaar   | Bought a potion of heal wounds for 80 gold pieces
  8044 | D:11     | Noticed a brown ugly thing
  8049 | D:11     | Killed a brown ugly thing
  8059 | D:11     | Reached skill level 16 in Ranged Weapons
  8614 | D:12     | Noticed a boulder beetle
  8628 | D:12     | Killed a boulder beetle
  8629 | D:12     | Reached XP level 12. HP: 68/72 MP: 12/12
  9197 | D:13     | Noticed a centaur warrior
  9200 | D:13     | Reached skill level 1 in Armour
  9207 | D:13     | Killed a centaur warrior
  9218 | D:13     | Found a gate leading to a gauntlet.
  9382 | Gauntlet | Entered a Gauntlet
  9382 | Gauntlet | Found a large runed translucent door.
  9382 | Gauntlet | Found a large runed translucent door.
  9382 | Gauntlet | Found a large runed translucent door.
  9382 | Gauntlet | Found a large runed translucent door.
  9382 | Gauntlet | Found a large runed translucent door.
  9382 | Gauntlet | Found a large runed translucent door.
  9382 | Gauntlet | Found a runed translucent door.
  9382 | Gauntlet | Found a transporter.
  9382 | Gauntlet | Found a transporter.
  9382 | Gauntlet | Found a runed translucent door.
  9382 | Gauntlet | Found a large runed translucent door.
  9382 | Gauntlet | Found a large runed translucent door.
  9382 | Gauntlet | Found a large runed translucent door.
  9382 | Gauntlet | Found a large runed translucent door.
  9382 | Gauntlet | Found a large runed translucent door.
  9382 | Gauntlet | Found a large runed translucent door.
  9387 | Gauntlet | Found a transporter.
  9402 | Gauntlet | Found a transporter.
  9405 | Gauntlet | Noticed a thrashing horror
  9405 | Gauntlet | Noticed a fire crab
  9417 | Gauntlet | Found the +7 mace of Variability {chaos, chaos arc}
  9422 | Gauntlet | Found a transporter.
  9429 | Gauntlet | Found a transporter.
  9488 | Gauntlet | Noticed a thrashing horror
  9511 | Gauntlet | Found a large runed translucent door.
  9511 | Gauntlet | Found a large runed translucent door.
  9512 | Gauntlet | Found a runed translucent gate.
  9512 | Gauntlet | Found a runed translucent gate.
  9512 | Gauntlet | Found a runed translucent gate.
  9514 | Gauntlet | Found a transporter.
  9524 | Gauntlet | Found a large runed translucent door.
  9525 | Gauntlet | Found a large runed translucent door.
  9529 | Gauntlet | Found a transporter.
  9531 | Gauntlet | Noticed a thrashing horror
  9531 | Gauntlet | Noticed a thrashing horror
  9547 | Gauntlet | Found a transporter.
  9559 | Gauntlet | Found a transporter.
  9565 | Gauntlet | Noticed a death yak
  9566 | Gauntlet | Noticed a death yak
  9566 | Gauntlet | Noticed a death yak
  9575 | Gauntlet | Found a transporter.
  9642 | Gauntlet | Found a transporter.
  9652 | Gauntlet | Found a transporter.
  9662 | Gauntlet | Found a transporter.
  9664 | Gauntlet | Noticed a catoblepas
  9686 | Gauntlet | Found a transporter.
  9696 | Gauntlet | Found a transporter.
  9771 | Gauntlet | Killed a thrashing horror
  9774 | Gauntlet | Killed a thrashing horror
  9822 | Gauntlet | Identified the +2 pair of boots "Nilioteb" {rF+}
  9864 | Gauntlet | Killed a death yak
  9865 | Gauntlet | Reached skill level 5 in Fighting
  9865 | Gauntlet | Reached skill level 17 in Ranged Weapons
  9870 | Gauntlet | Killed a death yak
  9871 | Gauntlet | Killed a death yak
  9906 | Gauntlet | Identified the +3 glaive of Nenexato {flame, Str+2}
  9939 | Gauntlet | Noticed a minotaur
  9951 | Gauntlet | Killed a minotaur
  9952 | Gauntlet | Reached XP level 13. HP: 57/82 MP: 6/13
 10175 | D:13     | Noticed a six-headed hydra
 10179 | D:13     | Killed a six-headed hydra
 10533 | D:13     | Reached skill level 5 in Armour
 10545 | D:13     | Found a blossoming altar of Fedhas.
 10967 | D:14     | Found a gate to the Vaults.
 10967 | D:14     | Noticed an ironbound preserver
 10969 | D:14     | Noticed a centaur warrior
 10972 | D:14     | Killed an ironbound preserver
 10979 | D:14     | Killed a centaur warrior
 11160 | D:14     | Noticed a centaur warrior
 11165 | D:14     | Killed a centaur warrior
 11179 | D:14     | Acquired a +6 longbow of freezing
 11199 | D:14     | Reached skill level 18 in Ranged Weapons
 11417 | D:14     | Reached skill level 10 in Dodging
 11600 | D:14     | Found the +4 skin of Zhor {*Englaciate rC+++ SInv}
 11602 | D:14     | Noticed an ice dragon
 11626 | D:14     | Killed an ice dragon
 11766 | D:14     | Reached XP level 14. HP: 92/92 MP: 14/14
 11965 | D:15     | Entered Level 15 of the Dungeon
 12358 | D:15     | Reached ****** piety under Hepliaklqana
 12595 | D:15     | Found a staircase to the Depths.
 13053 | Lair:1   | Entered Level 1 of the Lair of Beasts
 13080 | Lair:1   | Noticed Harold
 13083 | Lair:1   | Killed Harold
 13112 | Lair:1   | Found a sparkling altar of Nemelex Xobeh.
 13133 | Lair:1   | Noticed Jeremiah
 13134 | Lair:1   | Killed Jeremiah
 13308 | Lair:1   | Reached skill level 19 in Ranged Weapons
 13862 | Lair:2   | Found a hole to the Spider Nest.
 14697 | Lair:3   | Reached XP level 15. HP: 101/101 MP: 15/15
 15447 | Temple   | Entered the Ecumenical Temple
 15959 | Lair:4   | Reached skill level 10 in Fighting
 16381 | Lair:5   | Entered Level 5 of the Lair of Beasts
 16481 | Lair:5   | Reached skill level 20 in Ranged Weapons
 16751 | Lair:5   | Found a staircase to the Slime Pits.
 16751 | Lair:5   | Found a viscous altar of Jiyva.
 16841 | Lair:5   | Reached skill level 10 in Armour
 16943 | Lair:5   | Reached XP level 16. HP: 112/112 MP: 16/16
 17752 | Orc:1    | Entered Level 1 of the Orcish Mines
 17936 | Orc:2    | Entered Level 2 of the Orcish Mines
 17936 | Orc:2    | Noticed Donald
 17936 | Orc:2    | Found Heoqiur's Book Boutique.
 17936 | Orc:2    | Found Biupn's Book Shoppe.
 17955 | Orc:1    | Killed Donald
 18268 | Orc:2    | Found Quaneag's Antique Weapon Emporium.
 18269 | Orc:2    | Found Jehoely's Distillery.
 18274 | Orc:2    | Found Rigagho's Distillery.
 18282 | Orc:2    | Found a frozen archway.
 18294 | IceCv    | Entered an ice cave
 18668 | IceCv    | Reached XP level 17. HP: 122/122 MP: 17/17
 18855 | Orc:2    | Reached skill level 1 in Shields
 19046 | Orc:2    | Bought a potion of mutation for 80 gold pieces
 19046 | Orc:2    | Bought a potion of heal wounds for 50 gold pieces
 19143 | Orc:2    | Bought a potion of heal wounds for 65 gold pieces
 19143 | Orc:2    | Bought a potion of might for 52 gold pieces
 19143 | Orc:2    | Bought a potion of heal wounds for 65 gold pieces
 19143 | Orc:2    | Bought a potion of curing for 39 gold pieces
 19143 | Orc:2    | Bought a potion of mutation for 104 gold pieces
 19146 | Orc:2    | Found a staircase to the Elven Halls.
 20055 | Spider:1 | Entered Level 1 of the Spider Nest
 20286 | Spider:1 | Noticed Roxanne
 20317 | Spider:1 | Succumbed to a redback's poison

Illustrated notes

Levels and vault maps discovered:
D:1:      psy_arrival_terrarium, layout_rooms
D:2:      layout_loops_corners, dreamdust_ecumenical_altar_hidden_monk_grotto,
          minmay_quadrilaterals, uniq_terence
D:3:      layout_loops_ring, mainiacjoe_overflow_small_starburst,
          tso_metal_star, serial_shops, shop
D:4:      nicolae_cairo_tiling_large_dashed, layout_loops_corners, serial_shops,
          shop, nicolae_nh_ransacked_shop
D:5:      layout_rooms, serial_shops, nicolae_stop_n_shop_1,
          gammafunk_ghost_necromancy, uniq_grinder, uniq_prince_ribbit1
D:6:      layout_cave_pools, okawaru_trees_1, mainiacjoe_overflow_alcove_4
D:7:      layout_loops_ring, minmay_temple_entry_tees, minmay_joined_circles,
          uniq_menkaure
D:8:      layout_rooms, zin_purify, trog_ov_bears_minmay,
          erik_lair_orcish_takeover
D:9:      kennysheep_spiral_hall, layout_gridville, david_orc_4
D:10:     cheibrodos_wizards_tower, layout_loops_ring,
          amethyst_overflow_temple_binary, serial_shops,
          nicolae_shop_dealshenge, gammafunk_ghost_arena
D:11:     old_forge, layout_basic, serial_shops, bzr_firewalk, billiards_dpeg
D:12:     layout_roguey, hangedman_corner_corridor
D:13:     layout_long_grid, gauntlet_entry_generic, fedhas_altar_4
D:14:     layout_basic, skrybe_vaults_entry_preservation, serial_curves,
          eino_curves_04, eino_curves_03, eino_curves_02, eino_curves_02,
          nicolae_concentric_dashed_squares_mild, hangedman_decor_push,
          hellmonk_guarded_unrand_zhor
D:15:     grunt_enter_depths_magical_seal, layout_loops_ring,
          serial_park_tiny_pond, patterned_corridor
Temple:   eino_narrow_crystal_temple
Lair:1:   layout_hall_layers, basic_altar, lemuel_fruit_fields, uniq_harold,
          uniq_jeremiah
Lair:2:   layout_hall_layers, nicolae_spider_entry_orb_guardian,
          lemuel_fruit_fields
Lair:3:   layout_chaotic_city, nicolae_shoals_entry_flooding,
          grunt_forest_large_clearing_hut
Lair:4:   layout_regular_city, st_stairs_6, serial_bayou_lagoon_b
Lair:5:   minmay_lair_end_enchanted_forest, layout_cave_pods, slime_entry_1,
          dreamdust_deal_with_the_devil, grunt_megastairs_2
Spider:1: layout_chambers, uniq_roxanne
Orc:1:    layout_caves
Orc:2:    st_orc_open, layout_caves, portal_ice_cave_entry_pillars_2,
          serial_shops, shop, minmay_orc_temple_c, uniq_donald

Skill      XL: |  1  2  3  4  5  6  7  8  9 10 11 12 13 14 15 16 17 |
---------------+----------------------------------------------------+-----
Ranged Weapons | 5 6 7 9 11 12 14 16 17 18 19 20 | 20.0
Dodging        | 4 6 8 9 10 11 12 13 | 13.5
Fighting       | 5 7 9 11 13 | 13.3
Armour         | 4 6 8 10 12 | 12.6
Shields        | 4 |  4.8
Stealth        | |  1.2

Action                     |  1- 3 |  4- 6 |  7- 9 | 10-12 | 13-15 | 16-18 || total
---------------------------+-------+-------+-------+-------+-------+-------++-------
  Melee: Longbow           |       |       |       |       |       |     1 ||     1
   Fire: Shortbow          |    96 |   197 |   150 |       |       |       ||   443
         Longbow           |       |       |    43 |   348 |   591 |   467 ||  1449
 Invoke: Ancestor Life: Kn |       |       |     1 |       |       |       ||     1
         Recall Ancestor   |       |       |       |       |     1 |       ||     1
Ability: Dig               |       |       |       |     4 |       |       ||     4
    Use: Scroll            |       |     1 |    15 |     7 |     8 |     7 ||    38
         Potion            |       |       |     3 |     2 |     1 |     2 ||     8
 Armour: Leather armour    |    43 |    34 |    18 |    30 |    25 |    38 ||   188
  Dodge: Dodged            |    48 |    43 |    28 |    55 |    40 |    99 ||   313
  Block: Orb               |       |       |       |     7 |    10 |       ||    17
         Buckler           |       |       |       |       |    10 |    39 ||    49
         Kite shield       |       |       |       |       |       |    56 ||    56

Table legend: (Time is in decaauts)
 A = Elapsed time spent in this place.
 B = Non-inter-level travel time spent in this place.
 C = Inter-level travel time spent in this place.
 D = Time resting spent in this place.
 E = Time spent auto-exploring this place.
 F = Levels seen in this place.
 G = Mean time per level.
                   A        B        C        D        E       F      G
               +--------+--------+--------+--------+--------+-----+--------+
         Total |  20101 |  18496 |   1605 |      0 |  15026 |  27 |  744.5 |
       Dungeon |  12333 |  11447 |    886 |      0 |   9358 |  15 |  822.2 |
        Temple |      3 |      1 |      2 |      0 |      0 |   1 |    3.0 |
          Lair |   4504 |   4000 |    504 |      0 |   3351 |   5 |  900.8 |
   Spider Nest |    254 |    254 |      0 |      0 |    181 |   1 |  254.0 |
  Orcish Mines |   1630 |   1418 |    212 |      0 |   1110 |   2 |  815.0 |
        Bazaar |    260 |    260 |      0 |      0 |    218 |   1 |  260.0 |
      Ice Cave |    442 |    442 |      0 |      0 |    333 |   1 |  442.0 |
      Gauntlet |    673 |    673 |      0 |      0 |    475 |   1 |  673.0 |
               +--------+--------+--------+--------+--------+-----+--------+

Top non-repeatable levels by time:
    D:14: 1192 daAuts
  Lair:5: 1136 daAuts
     D:2: 1076 daAuts
    D:13: 958 daAuts
     D:9: 948 daAuts
     D:4: 935 daAuts
  Lair:2: 931 daAuts
    D:15: 928 daAuts
  Lair:1: 921 daAuts
     D:7: 892 daAuts
    D:11: 878 daAuts
   Orc:2: 852 daAuts
  Lair:4: 811 daAuts
   Orc:1: 778 daAuts
     D:5: 743 daAuts
